AoeStats
← ska_18

Arena

504999527Analyzed
3v3 RM · 25d ago on Sep 7, 2026· 58m 8s· 6 players
Game mode
Random Map
Map size
Normal (6 player)
Population
200
Speed
Normal
Resources
Standard
Victory
Conquest
Starting age
Dark Age
Ending age
Imperial Age
RankedLock teamsTeams togetherTeam positionsShared explorationLock speedFull tech treeHidden civsTurbo modeCheats
Victory
Defeat
🇹🇼 Burgundians · Taiwan
1038
+15
🇹🇼 Inca · Taiwan
1017
+16
🇦🇹 Saracens · Austria
1006
+16
🇨🇿 Vietnamese · Czechia
1049
-17
🇨🇿 Bohemians · Czechia
1022
-16
🇨🇿 Mongols · Czechia
979
-14
ska_18
10:17 Feudal Age
11:43 Loom
15:57 Castle Age
14:13 Double-Bit Axe
14:24 Horse Collar
17:49 Wheelbarrow
16:59 Town Watch
20:19 Bow Saw
20:00 Gold Mining
21:08 Hand Cart
28:34 Imperial Age
26:33 Heavy Plow
28:03 Scale Barding Armor
28:44 Forging
28:26 Fletching
28:22 Treadmill Crane
30:22 Chemistry
31:11 Conscription
31:14 Stone Mining
31:25 Heavy Plow
33:04 Gold Shaft Mining
33:21 Chain Barding Armor
33:33 Masonry
34:53 Iron Casting
34:58 Bloodlines
34:58 Bodkin Arrow
35:18 Bimaristan
35:20 Elite Mameluke
36:35 Hoardings
36:34 Murder Holes
36:52 Fortified Wall
38:04 Plate Barding Armor
38:29 Hoardings
38:57 Blast Furnace
38:44 Husbandry
38:04 Light Cavalry
38:47 Bracer
39:29 Hoardings
39:48 Siege Engineers
40:17 Fervor
40:29 Sanctity
41:27 Two-Man Saw
44:24 Town Patrol
49:50 Coinage
54:31 Caravan
55:02 Banking
B-Monkey
7:32 Double-Bit Axe
7:59 Horse Collar
11:43 Feudal Age
12:17 Feudal Age
11:11 Gold Mining
16:40 Castle Age
15:50 Bow Saw
17:13 Wheelbarrow
18:27 Loom
20:10 Hand Cart
23:50 Pikeman
24:31 Squires
25:06 Scale Mail Armor
28:34 Fletching
28:13 Elite Skirmisher
31:32 Imperial Age
29:51 Town Watch
30:38 Bodkin Arrow
31:49 Burgundian Vineyards
33:32 Halberdier
35:15 Conscription
36:02 Ballistics
35:49 Stone Mining
36:36 Gold Shaft Mining
36:44 Forging
37:12 Chain Mail Armor
37:31 Bracer
41:45 Padded Archer Armor
43:26 Plate Mail Armor
43:32 Iron Casting
44:29 Chemistry
43:40 Masonry
45:16 Town Patrol
46:38 Guard Tower
46:57 Man-at-Arms
47:23 Arson
47:37 Long Swordsman
48:28 Murder Holes
48:37 Two-Handed Swordsman
49:15 Champion
51:07 Blast Furnace
50:22 Leather Archer Armor
50:39 Guilds
ivanynnn
13:03 Feudal Age
17:35 Castle Age
15:34 Double-Bit Axe
22:01 Bow Saw
23:46 Forging
40:40 Horse Collar
42:10 Elite Skirmisher
43:43 Elite Skirmisher
46:28 Thumb Ring
46:43 Fletching
48:53 Bodkin Arrow
50:33 Padded Archer Armor
53:03 Ballistics
GreeX
11:03 Feudal Age
12:09 Loom
12:29 Double-Bit Axe
17:15 Castle Age
22:52 Horse Collar
25:34 Scale Barding Armor
27:06 Heavy Plow
34:09 Imperial Age
32:44 Chemistry
34:51 Wheelbarrow
34:23 Fletching
37:46 Bow Saw
39:33 Elite Skirmisher
40:33 Bodkin Arrow
40:39 Padded Archer Armor
45:03 Imperial Skirmisher
50:14 Bracer
skajel
11:13 Feudal Age
14:07 Double-Bit Axe
18:34 Horse Collar
21:04 Castle Age
19:54 Wheelbarrow
19:52 Fletching
20:55 Scale Mail Armor
21:05 Forging
23:03 Thumb Ring
22:58 Bodkin Arrow
23:18 Chain Mail Armor
23:43 Bow Saw
25:47 Iron Casting
25:47 Treadmill Crane
26:44 Heavy Plow
27:09 Padded Archer Armor
28:12 Leather Archer Armor
29:35 Hand Cart
30:22 Town Watch
34:12 Imperial Age
35:07 Ballistics
34:43 Murder Holes
36:38 Bracer
37:08 Ring Archer Armor
37:23 Elite Skirmisher
38:33 Imperial Skirmisher
41:27 Two-Man Saw
41:02 Plate Mail Armor
39:55 Elite Rattan Archer
40:46 Town Patrol
41:18 Elite Fire Lancer
42:23 Gold Mining
42:23 Stone Mining
47:49 Chemistry
49:39 Loom
50:20 Paper Money
51:32 Squires
51:20 Arson
Pito
5:14 Loom
10:11 Feudal Age
16:07 Castle Age
21:03 Double-Bit Axe
21:03 Horse Collar
22:17 Padded Archer Armor
22:08 Fletching
24:57 Bodkin Arrow
25:18 Leather Archer Armor
32:05 Ballistics
33:26 Gold Mining
33:26 Stone Mining
34:57 Wheelbarrow
34:07 Town Watch
37:13 Gold Shaft Mining
37:13 Stone Shaft Mining
36:48 Heavy Plow
37:46 Forging
37:42 Scale Barding Armor
38:13 Scale Barding Armor
39:11 Iron Casting
40:12 Thumb Ring
41:04 Chain Barding Armor
43:22 Bloodlines
43:13 Husbandry
44:23 Hand Cart
46:15 Light Cavalry
52:19 Imperial Age
53:36 Capped Ram
54:14 Elite Steppe Lancer
56:33 Bracer
57:33 Blast Furnace
57:26 Hussar
Connection lost

Rejoining the realm…

Still unreachable

The connection could not be restored.

Session expired

The server has moved on; the page needs a fresh start.